 Dungeon Crawl Stone Soup version 0.22.1-1-ga44c0e56f4 (webtiles) character file.

102 Mysteryquy the Shield-Bearer (level 4, 0/29 HPs)
             Began as a Gargoyle Fighter on Oct 28, 2018.
             Slain by a goblin (1 damage)
             ... led by Robin
             ... on level 2 of the Dungeon.
             The game lasted 00:02:56 (1366 turns).

Mysteryquy the Shield-Bearer (Gargoyle Fighter)     Turns: 1366, Time: 00:02:57

Health: 0/29       AC:  9    Str: 20    XL:     4   Next: 77%
Magic:  4/4        EV:  8    Int:  9    God:
Gold:   27         SH:  9    Dex:  9    Spells: 3/3 levels left

rFire    . . .     SeeInvis .   a - +0 flail
rCold    . . .     Gourm    .   c - +0 shield
rNeg     + . .     Faith    .   h - +0 ring mail (curse)
rPois    ∞         Spirit   .   (no helmet)
rElec    +         Reflect  .   (no cloak)
rCorr    .         Harm     .   (no gloves)
MR       .....                  (no boots)
Stlth    ..........             (no amulet)
HPRegen  0.09/turn              (no ring)
MPRegen  0.09/turn              (no ring)

@: no status effects
A: negative energy resistance 1, electricity resistance, unbreathing,
petrification resistance, rot immunity, AC +3
a: no special abilities


You were on level 2 of the Dungeon.
You were not hungry.

You visited 1 branch of the dungeon, and saw 2 of its levels.

You collected 27 gold pieces.

Inventory:

Hand Weapons
 a - a +0 flail (weapon)
Armour
 b - a +0 scale mail
 c - a +0 shield (worn)
 h - a cursed +0 ring mail (worn)
Scrolls
 g - a scroll of random uselessness {unknown}
Potions
 d - a potion of might
 e - 3 potions of heal wounds {unknown}
 i - a potion of degeneration {unknown}
Comestibles
 f - a ration


   Skills:
 + Level 4.0 Fighting
 + Level 2.9 Maces & Flails
 + Level 4.0 Armour
 + Level 0.2 Dodging
 + Level 4.1 Shields


You had 3 spell levels left.
You didn't know any spells.
Your spell library was empty.

Dungeon Overview and Level Annotations

Branches:
Dungeon (2/15)

Altars:
Ashenzari

Annotations:
D:2 Robin


Innate Abilities, Weirdness & Mutations

You are resistant to torment.
Your stone body is resilient. (AC +3)
You are immune to poison.
You resist negative energy. (rN+)
You are resistant to electric shocks. (rElec)
You can survive without breathing.
You are immune to petrification.
You are immune to rotting.


Message History

* * * LOW HITPOINT WARNING * * *
You hit the goblin.
The goblin is heavily wounded.
The goblin closely misses you.
The goblin hits you but does no damage. x2
The goblin closely misses you. The goblin hits you but does no damage.
You block the hobgoblin's attack. The goblin hits you with a club.
* * * LOW HITPOINT WARNING * * *
The goblin hits you but does no damage.
You closely miss the goblin.
The goblin is moderately wounded.
The goblin no longer looks unusually strong.
You block the goblin's attack. The goblin barely misses you.
The goblin completely misses you. You block the hobgoblin's attack.
The goblin hits you but does no damage. x4; The goblin barely misses you.
You closely miss the goblin.
The goblin is moderately wounded.
The hobgoblin no longer looks unusually strong.
The goblin no longer looks unusually strong.
The hobgoblin barely misses you. The goblin hits you.
You die...

..#'#....# ..#_#....# .#
..###....# #####.##
........## #......
........# #.##..###
.......## #.##....
#.####.# #.##bg######
#.####.######.##gg......
.........)..)..g@gs.....
#.####.######.##ggg.....
#.# #.# #.##g.#..... #
#.# #.##..# #..# #.#
#.##..# .. ... ......# #
#.# #.###.# .. ..# .#


You could see Robin, a giant cockroach, a hobgoblin, 7 goblins and a bat.

Vanquished Creatures
  Jessica (D:2)
  A gnoll (D:1)
  An adder (D:2)
  4 dart slugs (D:1)
  2 leopard geckos (D:1)
  4 giant cockroaches
  12 goblins
  A hobgoblin (D:1)
  6 kobolds
  4 ball pythons (D:1)
  5 bats
  A frilled lizard (D:1)
  5 rats (D:1)
47 creatures vanquished.

Notes
Turn   | Place    | Note
-------+----------+-------------------------------------------
     0 | D:1      | Mysteryquy the Gargoyle Fighter began the quest for the
                  | Orb.
     0 | D:1      | Reached XP level 1. HP: 14/14 MP: 1/1
    58 | D:1      | Reached XP level 2. HP: 17/19 MP: 2/2
   263 | D:1      | Reached XP level 3. HP: 6/24 MP: 3/3
  1136 | D:1      | Reached XP level 4. HP: 29/29 MP: 4/4
  1180 | D:2      | Noticed Jessica
  1206 | D:2      | Killed Jessica
  1297 | D:2      | Found a shattered altar of Ashenzari.
  1349 | D:2      | Noticed Robin
  1364 | D:2      | HP: 1/29 [goblin/club[Robin] (3)]
  1366 | D:2      | Slain by a goblin

Skill      XL: |  1  2  3  4 |
---------------+-------------+-----
Shields        | 4 |  4.1
Fighting       | 4 |  4.0
Armour         | 4 |  4.0
Maces & Flails | |  2.9
Dodging        | |  0.2

Action                   |  1- 3 |  4- 6 || total
-------------------------+-------+-------++-------
Melee: Flail             |   155 |    41 ||   196
  Eat: Chunk             |     1 |     1 ||     2
Armor: Scale mail        |    79 |       ||    79
       Ring mail         |     3 |    48 ||    51
Dodge: Dodged            |    50 |    41 ||    91
Block: Shield            |    71 |    42 ||   113
